 Dungeon Crawl Stone Soup version 0.26-a0-710-g95a0c6c400 (webtiles) character file.

Game seed: 13891877229763812356

33 Descartes the Sneak (level 3, -1/16 HPs)
             Began as a Spriggan Ice Elementalist on Oct 30, 2020.
             Slain by a centaur skeleton (8 damage)
             ... on level 2 of the Dungeon.
             The game lasted 00:02:30 (1405 turns).

Descartes the Sneak (Spriggan Ice Elementalist)     Turns: 1405, Time: 00:02:31

Health: -1/16      AC:  2    Str:  4    XL:     3   Next: 12%
Magic:  1/8        EV: 19    Int: 17    God:
Gold:   93         SH:  0    Dex: 16    Spells: 7/8 levels left

rFire    . . .     SeeInvis +   g - +0 dagger
rCold    . . .     Faith    .   (shield restricted)
rNeg     . . .     Spirit   .   a - +0 robe
rPois    .         Reflect  .   (helmet restricted)
rElec    .         Harm     .   (no cloak)
rCorr    .         Rampage  .   (gloves unavailable)
MR       .....                  (boots unavailable)
Stlth    +++.......             (no amulet)
HPRegen  0.05/turn              (no ring)
MPRegen  0.11/turn              (no ring)

@: very quick
A: very small, unfitting armour, see invisible, speed 3
a: no special abilities


You were on level 2 of the Dungeon.
You visited 1 branch of the dungeon, and saw 2 of its levels.

You collected 93 gold pieces.

Inventory:

Hand Weapons
 g - a +0 dagger (weapon)
Missiles
 b - 3 atropa-tipped darts (quivered)
 c - 53 stones
 d - 16 sling bullets
 h - 19 arrows
Armour
 a - a +0 robe (worn)
Scrolls
 e - a scroll of remove curse {unknown}
Potions
 f - a potion of stabbing {unknown}


   Skills:
 + Level 0.0 Short Blades
 + Level 3.7 Dodging
 + Level 3.9 Stealth
 + Level 3.2 Spellcasting
 + Level 3.5 Ice Magic


You had 7 spell levels left.
You knew the following spells:

 Your Spells              Type           Power        Failure   Level
a - Freeze                Ice            ##..         4%          1

Your spell library contained the following spells:

 Spells                   Type           Power        Failure   Level
 Frozen Ramparts          Ice            ##....       12%         3
 Ozocubu's Armour         Ice            ##......     12%         3
 Hailstorm                Conj/Ice       #.......     63%         4
 Summon Ice Beast         Ice/Summ       #.......     63%         4


Dungeon Overview and Level Annotations

Branches:
Dungeon (2/15)

Altars:


Innate Abilities, Weirdness & Mutations

You are very small and have problems with some larger weapons.
You are too small for most types of armour.
You have supernaturally acute eyesight. (SInv)
You cover ground extremely quickly.


Message History

The centaur skeleton misses you.
The centaur skeleton completely misses you.
Casting: Freeze (safe; 4% risk of failure)
Confirm with . or Enter, or press ? or * to list all spells.
Aiming: Freeze (safe; 4% risk of failure)
Press: ? - help, Shift-Dir - straight line, f/p - centaur skeleton
Aim: a centaur skeleton (heavily damaged)
The centaur skeleton resists.
You freeze the centaur skeleton.
The centaur skeleton is heavily damaged.
The centaur skeleton hits you.
A centaur skeleton is nearby!
A centaur skeleton is nearby!
Casting: Freeze (safe; 4% risk of failure)
Confirm with . or Enter, or press ? or * to list all spells.
You don't have enough magic to cast that spell.
Unknown command.
There is a stone staircase leading up here.
The centaur skeleton hits you!
Ouch! That really hurt!
You die...

#. #. .. .
#. #. #. #.
##.##
#.#...## .
#...@.##
....#..Z..#
..........#
..........#
.........##
...##...##
..# #####
#.


You could see a centaur skeleton.

Vanquished Creatures
  5 dart slugs (D:1)
  A bat (D:1)
  A giant cockroach (D:1)
  A goblin (D:1)
  2 hobgoblins (D:1)
  2 jackals (D:1)
  3 kobolds (D:1)
  A ball python (D:1)
  3 frilled lizards (D:1)
  5 rats (D:1)
24 creatures vanquished.

Notes
Turn   | Place    | Note
-------+----------+-------------------------------------------
     0 | D:1      | Descartes the Spriggan Ice Elementalist began the quest for
                  | the Orb.
     0 | D:1      | Reached XP level 1. HP: 9/9 MP: 5/5
   242 | D:1      | Reached XP level 2. HP: 13/13 MP: 2/6
  1199 | D:1      | Reached XP level 3. HP: 16/16 MP: 5/8
  1405 | D:2      | Slain by a centaur skeleton

Illustrated notes

Levels and vault maps discovered:
D:1:      mrwooster_arrival_arrow, layout_loops_corners, st_stairs_14,
          minivault_19, chequers_serial_rivers_micro_b
D:2:      wad_pebble_path, layout_rooms, chequers_ecumenical_altar_lobes,
          uniq_sigmund

Skill      XL: |  1  2 |
---------------+-------+-----
Spellcasting   | 3 |  3.2
Dodging        | |  3.7
Stealth        | |  3.9
Ice Magic      | |  3.5

Action                   || total
-------------------------++-------
Melee: Unarmed           ||     2
       Dagger            ||    15
 Cast: Freeze            ||    37
 Stab: Sleeping          ||     8
Dodge: Dodged            ||    35

Table legend: (Time is in decaauts)
 A = Elapsed time spent in this place.
 B = Non-inter-level travel time spent in this place.
 C = Inter-level travel time spent in this place.
 D = Time resting spent in this place.
 E = Time spent auto-exploring this place.
 F = Levels seen in this place.
 G = Mean time per level.
                   A        B        C        D        E       F      G
               +--------+--------+--------+--------+--------+-----+--------+
         Total |   1115 |   1093 |     22 |     16 |    947 |   2 |  557.5 |
       Dungeon |   1115 |   1093 |     22 |     16 |    947 |   2 |  557.5 |
               +--------+--------+--------+--------+--------+-----+--------+

Top non-repeatable levels by time:
     D:1: 1102 daAuts
     D:2: 12 daAuts
